 Dungeon Crawl Stone Soup version 0.27.0-1-g7a089689b8 (webtiles) character file.

Game seed: 3324599674416635044

5 Crazydiamond the Insei (level 1, -1/13 HPs)
             Began as an Octopode Transmuter on Aug 16, 2021.
             Slain by a hobgoblin (3 damage)
             ... on level 1 of the Dungeon.
             The game lasted 00:00:21 (395 turns).

Crazydiamond the Insei (Octopode Transmuter)         Turns: 395, Time: 00:00:22

Health: -1/13      AC:  1    Str:  9    XL:     1   Next: 80%
Magic:  3/3        EV: 13    Int: 15    God:
Gold:   22         SH:  0    Dex: 12    Spells: 3/4 levels left

rFire    . . .     SeeInvis .     - Unarmed
rCold    . . .     Faith    .   (no shield)
rNeg     . . .     Spirit   .   (helmet restricted)
rPois    .         Reflect  .   (no amulet)
rElec    .         Harm     .   (no ring)
rCorr    .         Rampage  .   (no ring)
Will     .....                  (no ring)
Stlth    ++........             (no ring)
HPRegen  0.04/turn              (no ring)
MPRegen  0.08/turn              (no ring)
                                (no ring)
                                (no ring)

@: lethally poisoned (-1 -> -6)
A: almost no armour, amphibious, 8 rings, camouflage 1, gelatinous body 1,
(nimble swimmer 1), tentacles
a: no special abilities


You were on level 1 of the Dungeon.
You visited 1 branch of the dungeon, and saw 1 of its levels.

You collected 22 gold pieces.

Inventory:

Jewellery
 c - a ring of see invisible
Scrolls
 a - a scroll of fear {unknown}
 b - a scroll of holy word {unknown}
Potions
 d - a potion of might {unknown}


   Skills:
 + Level 1.0 Fighting
 + Level 2.1 Dodging
 + Level 3.1 Unarmed Combat
 + Level 2.0 Spellcasting
 + Level 2.1 Transmutations


You had 3 spell levels left.
You knew the following spells:

 Your Spells              Type           Power      Damage    Failure   Level
a - Beastly Appendage     Tmut           16%        N/A       9%          1

Your spell library contained the following spells:

 Spells                   Type           Power      Damage    Failure   Level
 Wereblood                Tmut           8%         N/A       14%         2
 Spider Form              Tmut/Pois      2%         N/A       38%         3
 Ice Form                 Ice/Tmut       4%         N/A       80%         4


Dungeon Overview and Level Annotations

Branches:
Dungeon (1/15)

Altars:


Innate Abilities, Weirdness & Mutations

You cannot wear most types of armour.
You are amphibious.
You can wear up to eight rings at the same time.
Your skin changes colour to match your surroundings (Stealth+).
Your rubbery body absorbs attacks. (AC +1, EV +1)
((You are camouflaged near water. (Stealth+)))
You have tentacles for arms and can constrict up to eight enemies at once.


Message History

Found a chain mail.
A goblin comes into view. It is wielding a +0 dagger.
The goblin shouts!
You closely miss the goblin. Your grab misses the goblin.
The goblin hits you with a +0 dagger. The goblin hits you with a +0 dagger.
You completely miss the goblin. You grab the goblin.
You constrict the goblin, but do no damage.
The goblin closely misses you.
You tentacle-slap the goblin but do no damage.
You tentacle-slap the goblin.
The goblin is heavily wounded.
You constrict the goblin.
You kill the goblin!
Things that are here:
a +0 dagger; a goblin corpse A goblin comes into view.
It is wielding a +1 dagger of venom.
A quokka and a hobgoblin come into view.
The hobgoblin shouts!
You hear a shout!
The goblin misses you.
You tentacle-slap the goblin but do no damage.
You grab the goblin. You constrict the goblin.
The goblin hits you with a +1 dagger of venom.
You are lethally poisoned!
You tentacle-slap the goblin.
The goblin is heavily wounded.
You constrict the goblin.
You kill the goblin!
You feel very sick.
You tentacle-slap the hobgoblin. You grab the hobgoblin.
The hobgoblin is severely wounded.
You constrict the hobgoblin, but do no damage.
You feel sick. The hobgoblin barely misses you.
You completely miss the hobgoblin.
You tentacle-slap the hobgoblin, but do no damage.
The hobgoblin is severely wounded.
You constrict the hobgoblin, but do no damage.
* * * LOW HITPOINT WARNING * * *
You feel sick. The hobgoblin hits you.
You die...

....####..........
........#+###....#
.....##.#.# ....#
... #..#.# ...# .
#..#.# #.# #..#.#
.# . #....#
r...##.#########.
..........@g......
........#########.
.....#### .....
.... ... ###


You could see a hobgoblin.

Vanquished Creatures
  A giant cockroach (D:1)
  2 goblins (D:1)
  A hobgoblin (D:1)
4 creatures vanquished.

Notes
Turn   | Place    | Note
-------+----------+-------------------------------------------
     0 | D:1      | Crazydiamond the Octopode Transmuter began the quest for
                  | the Orb.
     0 | D:1      | Reached XP level 1. HP: 13/13 MP: 3/3
   395 | D:1      | Slain by a hobgoblin

Illustrated notes

Levels and vault maps discovered:
D:1:      dpeg_arrival_leaves_temple_mockup, layout_basic,
          kennysheep_flooded_box

Action                   || total
-------------------------++-------
Melee: Unarmed           ||    15
       Constrict         ||     5
       Punch             ||     2
       Tentacles         ||     1
 Stab: Sleeping          ||     1
Dodge: Dodged            ||     8
